 Dungeon Crawl Stone Soup version 0.26.1-2-gb8aa6d0cf2 (webtiles) character file.

Game seed: 12703564035061446054

131 windgrace the Magician (level 4, -1/18 HPs)
             Began as a Felid Venom Mage on Feb 10, 2021.
             Was an Initiate of Yredelemnul.
             Slain by a hound (2 damage)
             ... on level 5 of the Dungeon.
             The game lasted 00:27:16 (3740 turns).

windgrace the Magician (Felid Venom Mage)           Turns: 3740, Time: 00:27:16

Health: -1/18      AC:  1    Str:  4    XL:     4   Next: 91%
Magic:  1/10       EV: 18    Int: 18    God:    Yredelemnul [......]
Gold:   200        SH:  0    Dex: 16    Spells: 4/10 levels left
                                        Lives:  0   Deaths: 1

rFire    . . .     SeeInvis +   (weapon unavailable)
rCold    . . .     Faith    .   (shield unavailable)
rNeg     . . .     Spirit   .   (armour unavailable)
rPois    .         Reflect  .   (helmet unavailable)
rElec    .         Harm     .   (cloak unavailable)
rCorr    .         Rampage  .   (gloves unavailable)
Will     .....                  (boots unavailable)
Stlth    +++.......             (no amulet)
HPRegen  0.06/turn              h - ring of see invisible
MPRegen  0.12/turn              m - ring of wizardry

@: quick
A: very small, no armour, no weapons or thrown items, stealth, claws 1, fangs 3,
see invisible, speed 1, shaggy fur 1, sharp paws
a: Renounce Religion


You were on level 5 of the Dungeon.
You worshipped Yredelemnul.
Yredelemnul was noncommittal.
You visited 1 branch of the dungeon, and saw 5 of its levels.

You collected 200 gold pieces.

Inventory:

Jewellery
 h - a ring of see invisible (left paw)
 m - a ring of wizardry (right paw)
Scrolls
 a - a scroll of amnesia {unknown}
 b - 3 scrolls of teleportation
 c - 2 scrolls of noise
 e - 2 scrolls of remove curse
 i - 4 scrolls of identify {unknown}
 l - a scroll of fear {unknown}
 n - a scroll of enchant armour {unknown}
 o - a scroll of blinking {unknown}
 q - a scroll of magic mapping {unknown}
Potions
 d - 2 potions of curing {unknown}
 f - a potion of degeneration {unknown}
 g - a potion of berserk rage {unknown}
 j - a potion of heal wounds {unknown}
 k - a potion of might {unknown}
 p - a potion of invisibility {unknown}


   Skills:
 + Level 2.8 Dodging
 + Level 3.2 Stealth
 + Level 0.3 Unarmed Combat
 + Level 3.9 Spellcasting
 + Level 0.1 Conjurations
 + Level 1.7 Transmutations
 + Level 2.2 Air Magic
 + Level 3.7 Poison Magic


You had 4 spell levels left.
You knew the following spells:

 Your Spells              Type           Power        Failure   Level
a - Sting                 Tmut/Pois      52%          1%          1
b - Poisonous Vapours     Pois/Air       28%          2%          2
c - Mephitic Cloud        Conj/Pois/Air  10%          8%          3

Your spell library contained the following spells:

 Spells                   Type           Power        Failure   Level
 Ignite Poison            Fire/Tmut/Pois 10%          9%          3
 Olgreb's Toxic Radiance  Pois           17%          12%         4


Dungeon Overview and Level Annotations

Branches:
Dungeon (4/15)
 Temple: D:4-7

Altars:
Nemelex Xobeh
Xom
Yredelemnul


Innate Abilities, Weirdness & Mutations

You cannot wear armour.
You are incapable of wielding weapons or throwing items.
Your paws allow you to move quietly. (Stealth)
You have sharp claws.
You have razor-sharp teeth.
You have supernaturally acute eyesight. (SInv)
You cover ground quickly.
You are covered in fur. (AC +1)
Your sharp claws are effective at attacking unaware monsters.


Message History

There is an escape hatch in the floor here.
You scratch the hound.
The hound is severely wounded.
The hound looks more healthy.
The hound completely misses you. The hound barely misses you.
You miss the hound.
The hound is severely wounded.
The hound misses you.
You closely miss the hound. Your bite misses the hound.
The hound is severely wounded.
The hound closely misses you. The hound bites you.
* * * LOW HITPOINT WARNING * * *
You scratch the hound but do no damage.
The hound is severely wounded.
The hound closely misses you.
You scratch the hound but do no damage. Your bite misses the hound.
The hound is severely wounded.
The hound completely misses you. The hound bites you.
You die...
Your body rises from the dead as a mindless zombie.

## #. # ###.## .#
....##.# ###.⌠.⌠..#
.### #...._...
...###.#.⌠.⌠#
###.....##.@###### .
##........sh..)...#
.####.................#
......................#
..h5...s..............#
..h†###...............#
....# #.......#########
....# ######### ...<.


You could see a scorpion and a hound.

Vanquished Creatures
  3 hounds (D:4)
  An orc wizard (D:4)
  6 adders
  A shadow imp (D:5)
  An ooze (D:2)
  A leopard gecko (D:1)
  6 orcs
  2 giant cockroaches
  8 goblins
  8 hobgoblins
  2 jackals (D:5)
  6 kobolds
  A quokka (D:3)
  A ball python (D:2)
  6 bats
  3 frilled lizards
  5 rats
  A spectral orc (D:3)
62 creatures vanquished.

Vanquished Creatures (others)
  A withered plant (D:4)
1 creature vanquished.

Grand Total: 63 creatures vanquished

Notes
Turn   | Place    | Note
-------+----------+-------------------------------------------
     0 | D:1      | windgrace the Felid Venom Mage began the quest for the Orb.
     0 | D:1      | Reached XP level 1. HP: 7/7 MP: 4/4
   250 | D:1      | Reached XP level 2. HP: 11/11 MP: 4/6
   253 | D:1      | Learned a level 2 spell: Poisonous Vapours
  1019 | D:2      | Reached XP level 3. HP: 14/14 MP: 0/7
  2219 | D:3      | Reached XP level 4. HP: 18/18 MP: 4/9
  2471 | D:3      | Found a basalt altar of Yredelemnul.
  2478 | D:3      | Became a worshipper of Yredelemnul the Dark
  2483 | D:3      | Learned a level 3 spell: Mephitic Cloud
  2632 | D:3      | Found a shimmering altar of Xom.
  2747 | D:4      | Noticed a lemure
  2748 | D:4      | Reached skill level 1 in Air Magic
  2834 | D:4      | Reached XP level 5. HP: 21/21 MP: 5/11
  3561 | D:4      | Noticed a lemure
  3562 | D:4      | Noticed a lemure
  3562 | D:4      | Noticed a lemure
  3583 | D:4      | You fall into a shaft and drop 1 floor!
  3583 | D:5      | Entered Level 5 of the Dungeon
  3583 | D:5      | Found a sparkling altar of Nemelex Xobeh.
  3698 | D:5      | Killed from afar by a shadow imp
  3699 | D:5      | Reached XP level 4. HP: -1/18 MP: 6/10
  3740 | D:5      | Slain by a hound

Illustrated notes

Levels and vault maps discovered:
D:1:      lightli_arrival_chessboard, layout_rooms, minmay_hexomino_f4
D:2:      layout_rooms, kennysheep_generic_room_14
D:3:      layout_rooms, yredelemnul_forgotten_temple_becter, xom_teletrap_fun
D:4:      layout_rooms, lemuel_doored_altar, kiku_gazebo_garden_becter,
          hangedman_decor_push, uniq_pikel
D:5:      layout_rooms, nemelex_xobeh_ov_fountains_minmay, gammafunk_ghost_arena

Skill      XL: |  1  2  3  4  5 |
---------------+----------------+-----
Stealth        | 3 |  3.2
Poison Magic   | 3 |  3.7
Spellcasting   | 3 |  3.9
Air Magic      | 1 2 |  2.2
Dodging        | |  2.8
Unarmed Combat | |  0.3
Conjurations   | |  0.1
Transmutations | |  1.7

Action                   |  1- 3 |  4- 6 || total
-------------------------+-------+-------++-------
Melee: Unarmed           |    16 |    26 ||    42
       Bite              |       |     1 ||     1
 Cast: Sting             |    28 |    20 ||    48
       Poisonous Vapours |    26 |    27 ||    53
       Mephitic Cloud    |       |    12 ||    12
  Use: Scroll            |     3 |       ||     3
 Stab: Sleeping          |     1 |     1 ||     2
       Confused          |       |     2 ||     2
Armor: Skin              |     5 |     1 ||     6
Dodge: Dodged            |    38 |    33 ||    71
